 Dungeon Sprint DCSS version 0.15-a0-1485-g692b94f (webtiles) character file.

518 PolkaDot the Grappler (level 7, -2/79 HPs)
             Began as a Troll Monk on June 14, 2014.
             Was a Believer of Qazlal.
             Slain by Sonja
             ... wielding a +0,+0 short sword of distortion
              (9 damage)
             ... in the Dungeon (Sprint I: "Red Sonja").
             The game lasted 00:02:28 (289 turns).

PolkaDot the Grappler (Troll Monk)                   Turns: 289, Time: 00:02:29

HP  -2/79        AC  6     Str 20      XL: 7   Next:  1%
MP   3/3         EV 10     Int  6      God: Qazlal [**....]
Gold 167         SH  2     Dex 14      Spells:  0 memorised,  6 levels left

rFire  . . .     SeeInvis .       - Unarmed
rCold  . . .     Clarity  .     i - +1 robe {rN+}
rNeg   + . .     rCorr    .     (shield restricted)
rPois  .         rRot     .     (helmet restricted)
rElec  .         Spirit   .     (no cloak)
SustAb .         Warding  .     (gloves unavailable)
rMut   .         NoTele   +     (boots unavailable)
Gourm  +                        (no amulet)
MR     .....                    (no ring)
                                a - ring of stealth

@: lethally poisoned, short of breath, very slightly contaminated, hasted and
slowed, not resistant to hostile enchantments, unstealthy
A: unfitting armour, claws 3, fast metabolism 3, gourmand, regeneration 2,
saprovore 2, shaggy fur 1, tough skin 2
a: Upheaval, Renounce Religion


You were in the Dungeon.
You worshipped Qazlal.
Qazlal was pleased with you.
You were not hungry.

You visited 1 branch You collected 282 gold pieces.
You spent 115 gold pieces at shops.

Inventory:

Armour
 i - a +1 robe of positive energy (worn)
Comestibles
 b - 3 meat rations
Scrolls
 h - a scroll of blinking
Jewellery
 a - a ring of stealth (left claw)
Potions
 f - 2 potions of magic
 g - a potion of berserk rage


   Skills:
 + Level 7.7 Fighting
 - Level 2.4 Dodging
 - Level 1.1 Stealth
 * Level 12.5 Unarmed Combat


You had 6 spell levels left.
You didn't know any spells.

Dungeon Overview and Level Annotations

Branches:
Dungeon (1/1)

Altars:
Cheibriados
Dithmenos
Elyvilon
Fedhas
Gozag
Kikubaaqudgha
Makhleb
Nemelex Xobeh
Okawaru
Qazlal
Sif Muna
Trog
Vehumet
Xom
Yredelemnul
Zin
The Shining One
Jiyva

Shops:
D *

Annotations:
D Sonja


Innate Abilities, Weirdness & Mutations

You are too large for most types of armour.
You have claws for hands.
Your metabolism is lightning-fast.
You like to eat raw meat.
You heal very quickly.
You can eat rotten meat.
You are covered in fur (AC +1).
You have very tough skin (AC +2).


Message History

You have difficulty breathing.
You feel as though you will be slow longer.
You feel very sick.
Sonja unwields an uncursed blowgun.
Sonja wields an uncursed short sword of distortion.
Its appearance distorts for a moment.
Sonja closely misses you. Sonja closely misses you. You block Sonja's attack.
Sonja says, "Someone hired me to kill you, but I'm not supposed to say who."
Sonja hits you with an uncursed short sword of distortion.
Space warps horribly around you!
* * * LOW HITPOINT WARNING * * *
Sonja hits you but does no damage.
You feel a strange sense of stasis. Sonja hits you but does no damage.
You closely miss Sonja.
* * * LOW HITPOINT WARNING * * *
You feel sick.
Sonja hits you with an uncursed short sword of distortion.
* * * LOW HITPOINT WARNING * * *
Space warps horribly around you!
You die...

######################
#<.#..').#.['..#__#..+
#..'..#..'..#..'..'..#
#..#####'#####'#__####
#..####..#...#.####
#..#__####..##)#
#..#_..._##'#§K+
#⌠⌠#_.∩...'.(@_#
####_..._##_.#'#
#_____###(#)# #######
#.### +$.$+ #$.$#
##.## #+#


You could see Sonja.

Vanquished Creatures
  A slime creature (D)
  A yak (D)
  An ogre (D)
  Sigmund (D)
  A jelly (D)
  Ijyb (D)
6 creatures vanquished.

Notes
Turn   | Place    | Note
--------------------------------------------------------------
     0 | D        | PolkaDot, the Troll Monk, began the quest for the Orb.
     0 | D        | Reached XP level 1. HP: 22/22 MP: 1/1
     2 | D        | Noticed Ijyb
    11 | D        | Killed Ijyb
    11 | D        | Reached skill level 5 in Unarmed Combat
    11 | D        | Reached XP level 2. HP: 24/31 MP: 1/1
    15 | D        | Noticed an ogre
    20 | D        | Killed an ogre
    20 | D        | Reached skill level 5 in Fighting
    20 | D        | Reached skill level 8 in Unarmed Combat
    20 | D        | Reached XP level 3. HP: 20/42 MP: 2/2
    20 | D        | Reached XP level 4. HP: 23/50 MP: 2/2
    78 | D        | Noticed Sigmund
    89 | D        | Killed Sigmund
    89 | D        | Reached skill level 9 in Unarmed Combat
    89 | D        | Reached XP level 5. HP: 38/59 MP: 2/2
   121 | D        | Found a deep blue altar of Sif Muna.
   122 | D        | Noticed a jelly
   123 | D        | Found a radiant altar of Vehumet.
   127 | D        | Killed a jelly
   127 | D        | Reached skill level 10 in Unarmed Combat
   168 | D        | Found a snail-covered altar of Cheibriados.
   168 | D        | Found a viscous altar of Jiyva.
   168 | D        | Found a shadowy altar of Dithmenos.
   168 | D        | Found a blossoming altar of Fedhas.
   168 | D        | Noticed a slime creature
   176 | D        | Found Woegaess' Assorted Antiques.
   176 | D        | Found a white marble altar of Elyvilon.
   176 | D        | Found a burning altar of Makhleb.
   176 | D        | Found a glowing golden altar of the Shining One.
   176 | D        | Found an opulent altar of Gozag.
   176 | D        | Found a glowing silver altar of Zin.
   176 | D        | Noticed a yak
   181 | D        | Killed a yak
   181 | D        | Reached skill level 11 in Unarmed Combat
   181 | D        | Reached XP level 6. HP: 65/71 MP: 3/3
   182 | D        | Found a stormy altar of Qazlal.
   182 | D        | Found a basalt altar of Yredelemnul.
   182 | D        | Found an iron altar of Okawaru.
   182 | D        | Found a sparkling altar of Nemelex Xobeh.
   182 | D        | Found a shimmering altar of Xom.
   182 | D        | Found an ancient bone altar of Kikubaaqudgha.
   183 | D        | Found a bloodstained altar of Trog.
   185 | D        | Became a worshipper of Qazlal Stormbringer
   185 | D        | Acquired Qazlal's first power
   185 | D        | Acquired Qazlal's second power
   188 | D        | Bought a jade ring for 115 gold pieces
   207 | D        | Killed a slime creature
   207 | D        | Reached skill level 12 in Unarmed Combat
   207 | D        | Reached XP level 7. HP: 41/79 MP: 3/3
   276 | D        | Noticed Sonja
   289 | D        | Slain by Sonja

Action                   |  1- 3 |  4- 6 |  7- 9 || total
-------------------------+-------+-------+-------++-------
Melee: Unarmed           |    14 |    23 |     4 ||    41
  Use: Potion            |       |       |     3 ||     3
